 Dungeon Crawl Stone Soup version 0.28-a0-1616-g050a50673c (webtiles) character file.

Game seed: 4398673378827769925

9 fragbeetle the Chiller (level 2, 0/20 HPs)
             Began as a Merfolk Ice Elementalist on Jan 23, 2022.
             Slain by a hound skeleton (1 damage)
             ... on level 2 of the Dungeon.
             The game lasted 00:01:20 (887 turns).

fragbeetle the Chiller (Merfolk Ice Elementalist)    Turns: 887, Time: 00:01:21

Health: 0/20       AC:  5    Str:  8    XL:     2   Next: 12%
Magic:  14/14      EV: 12    Int: 17    God:
Gold:   8          SH:  0    Dex: 14    Spells: 4/5 levels left

rFire   . . .      SeeInvis .   e - +0 dagger
rCold   + . .      Faith    .   (no shield)
rNeg    . . .      Spirit   .   g - +1 leather armour "Sismem" {rC+ Int+3}
rPois   .          Reflect  .   i - +0 helmet
rElec   .          Harm     .   (no cloak)
rCorr   .          Rampage  .   (no gloves)
Will    .....                   (no boots)
Stlth   ++........              (no amulet)
HPRegen 0.06/turn               h - ring of magical power
MPRegen 0.14/turn               (no ring)

@: no status effects
A: (nimble swimmer 2), mertail
a: no special abilities


You were on level 2 of the Dungeon.
You visited 1 branch of the dungeon, and saw 2 of its levels.

You collected 36 gold pieces.
You spent 28 gold pieces at shops.

Inventory:

Hand Weapons
 e - a +0 dagger (weapon)
Missiles
 f - 2 poisoned darts
Armour
 g - the +1 leather armour "Sismem" (worn) {rC+ Int+3}
   (You found it on level 2 of the Dungeon)

   Int:       It affects your intelligence (+3).
   rC:        It protects you from cold.
 i - a +0 helmet (worn)
Jewellery
 h - a ring of magical power (left hand)
Scrolls
 b - 2 scrolls of identify
 c - a scroll of noise {unknown}
 d - a scroll of blinking {unknown}


   Skills:
 + Level 0.6 Fighting
 + Level 2.9 Dodging
 + Level 2.4 Stealth
 - Level 2.0 Spellcasting
 * Level 4.6 Ice Magic


You had 4 spell levels left.
You knew the following spells:

 Your Spells              Type           Power      Damage    Failure   Level
a - Freeze                Ice            68%        1d8       4%          1

Your spell library contained the following spells:

 Spells                   Type           Power      Damage    Failure   Level
 Frozen Ramparts          Ice            34%        1d5       13%         3
 Ozocubu's Armour         Ice            17%        N/A       13%         3
 Hailstorm                Conj/Ice       9%         3d4       73%         4


Dungeon Overview and Level Annotations

Branches:
Dungeon (1/15)

Altars:

Shops:
D:2 ?


Innate Abilities, Weirdness & Mutations

((You are very nimble when in or above water. (Stealth+, EV+, Speed+++)))
Your lower body shifts to a powerful aquatic tail in water.


Message History

The hound skeleton closely misses you.
You hit the hound skeleton.
The hound skeleton is heavily damaged.
The hound skeleton misses you.
You are too injured to fight recklessly!
Casting: Freeze (safe; 4% risk of failure)
Confirm with . or Enter, or press ? or * to list all spells.
Aiming: Freeze (safe; 4% risk of failure)
Press: ? - help, Shift-Dir - straight line, f - hound skeleton
Aim: a hound skeleton (heavily damaged)
You freeze the hound skeleton but do no damage.
The hound skeleton completely resists.
The hound skeleton bites you.
The hound skeleton bites you but does no damage.
Unknown command.
You barely miss the hound skeleton.
The hound skeleton is heavily damaged.
The hound skeleton closely misses you.
You hit the hound skeleton.
The hound skeleton is heavily damaged.
The hound skeleton barely misses you.
You hit the hound skeleton.
The hound skeleton is heavily damaged.
The hound skeleton bites you.
* * * LOW HITPOINT WARNING * * *
You hit the hound skeleton but do no damage.
The hound skeleton is heavily damaged.
The hound skeleton bites you but does no damage.
The hound skeleton completely misses you.
You barely miss the hound skeleton.
The hound skeleton is heavily damaged.
The hound skeleton bites you but does no damage.
You hit the hound skeleton.
The hound skeleton is severely damaged.
The hound skeleton closely misses you.
You barely miss the hound skeleton.
The hound skeleton is severely damaged.
The hound skeleton bites you.
* * * LOW HITPOINT WARNING * * *
The hound skeleton bites you.
You die...

## #. #.#. #.#. # ##########
#.#. . .....(Z@.## #.#. #
.#######..# #.#. ##.# #.#.
#.## #.#.
##################..########
#...
............................
###.
###################..#######.#
#. ## ##.## #.# #. .# #..# #.#
#.


You could see a hound skeleton.

Vanquished Creatures
  An endoplasm (D:2)
  A hobgoblin (D:1)
  A ball python (D:2)
  2 bats
  A frilled lizard (D:2)
  2 kobolds (D:2)
  2 rats (D:2)
10 creatures vanquished.

Notes
Turn   | Place    | Note
-------+----------+-------------------------------------------
     0 | D:1      | fragbeetle the Merfolk Ice Elementalist began the quest for
                  | the Orb.
     0 | D:1      | Reached XP level 1. HP: 13/13 MP: 3/3
   109 | D:1      | You fall into a shaft and drop 1 floor!
   569 | D:2      | Found Anitt's Magic Scroll Shop.
   569 | D:2      | Identified the +1 leather armour "Sismem" {rC+ Int+3}
   585 | D:2      | Bought a scroll of identify for 28 gold pieces
   619 | D:2      | Reached XP level 2. HP: 20/20 MP: 5/5
   887 | D:2      | HP: 1/20 [hound skeleton (2)]
   887 | D:2      | Slain by a hound skeleton

Illustrated notes

Levels and vault maps discovered:
D:1:      dpeg_arrival_shelter, layout_loops_ring,
          hangedman_decor_clover_reticule
D:2:      layout_basic, serial_shops, shop_statue, minmay_misc_feat_cross

Action                   || total
-------------------------++-------
Melee: Dagger            ||    30
       Unarmed           ||     1
 Cast: Freeze            ||    12
 Stab: Sleeping          ||     1
Armor: Robe              ||     3
       Leather armour    ||    12
Dodge: Dodged            ||    20

Table legend: (Time is in decaauts)
 A = Elapsed time spent in this place.
 B = Non-inter-level travel time spent in this place.
 C = Inter-level travel time spent in this place.
 D = Time resting spent in this place.
 E = Time spent auto-exploring this place.
 F = Levels seen in this place.
 G = Mean time per level.
                   A        B        C        D        E       F      G
               +--------+--------+--------+--------+--------+-----+--------+
         Total |    885 |    885 |      0 |     32 |    707 |   2 |  442.5 |
       Dungeon |    885 |    885 |      0 |     32 |    707 |   2 |  442.5 |
               +--------+--------+--------+--------+--------+-----+--------+

Top non-repeatable levels by time:
     D:2: 776 daAuts
     D:1: 109 daAuts
